 Dungeon Crawl Stone Soup version 0.23-a0-307-gc3b755d (console) character file.

1402 nht the Slinger (level 9, -5/54 HPs)
             Began as a Halfling Hunter on Oct 10, 2018.
             Was a Believer of Okawaru.
             Killed themself with a badly aimed iceblast (17 damage)
             ... on level 6 of the Dungeon.
             The game lasted 00:07:26 (4407 turns).

nht the Slinger (Halfling Hunter)                   Turns: 4407, Time: 00:07:27

Health: -5/54      AC:  4    Str: 13    XL:     9   Next: 1%
Magic:  9/9        EV: 14    Int:  9    God:    Okawaru [**....]
Gold:   360        SH:  0    Dex: 18    Spells: 8/8 levels left

rFire    . . .     SeeInvis .   a - +1 hunting sling
rCold    . . .     Gourm    +   (shield restricted)
rNeg     . . .     Faith    .   c - +0 leather armour
rPois    .         Spirit   .   (no helmet)
rElec    .         Reflect  .   (no cloak)
rCorr    .         Harm     .   q - +0 pair of gloves (curse)
MR       .....                  (no boots)
Stlth    +++.......             d - amulet of the gourmand
HPRegen  0.18/turn              (no ring)
MPRegen  0.11/turn              (no ring)

@: no status effects
A: small, mutation resistance 1
a: Heroism, Renounce Religion


You were on level 6 of the Dungeon.
You worshipped Okawaru.
Okawaru was pleased with you.
You were not hungry.

You visited 1 branch of the dungeon, and saw 6 of its levels.

You collected 360 gold pieces.

Inventory:

Hand Weapons
 a - a +1 hunting sling (weapon)
 b - a +0 short sword
Missiles
 g - 5 tomahawks
 i - 69 stones (quivered)
 o - 6 poisoned needles
 x - 8 needles of sleeping
Armour
 c - a +0 leather armour (worn)
 q - a cursed +0 pair of gloves (worn)
Jewellery
 d - an amulet of the gourmand (around neck)
 k - an uncursed ring of fire
 n - an uncursed amulet of guardian spirit
Wands
 B - a wand of random effects (6)
Scrolls
 e - 3 scrolls of immolation
 h - 2 scrolls of teleportation
 j - 2 scrolls of magic mapping
 p - 2 scrolls of fear {unknown}
 r - a scroll of enchant weapon {unknown}
 s - 3 scrolls of remove curse {unknown}
Potions
 m - a potion of heal wounds
 u - 2 potions of lignification
 v - a potion of mutation
 w - 3 potions of agility
 A - 2 potions of flight
Comestibles
 f - 7 rations
 t - 2 chunks of flesh


   Skills:
 - Level 1.7 Fighting
 + Level 6.5 Short Blades
 - Level 12.0 Slings
 - Level 2.1 Dodging
 - Level 5.0 Stealth


You had 8 spell levels left.
You didn't know any spells.
Your spell library contained the following spells:

 Spells                   Type           Power        Failure   Level  Hunger
 Confusing Touch          Hex            #.....       45%         1    ##.....
 Confuse                  Hex            #.......     83%         3    ####...
 Gell's Gravitas          Tloc           #.........   83%         3    ####...
 Petrify                  Tmut/Erth      #.......     99%         4    #####..
 Metabolic Englaciation   Hex/Ice        #.........   100%        5    ######.
 Yara's Violent Unravell  Hex/Tmut       #.........   100%        5    ######.


Dungeon Overview and Level Annotations

Branches:
Dungeon (6/15)
 Temple: D:4-7

Altars:
Ashenzari
Fedhas
Kikubaaqudgha
Makhleb
Nemelex Xobeh
Okawaru
Qazlal
Vehumet
Wu Jian
Yredelemnul
The Shining One

Shops:
D:4 (


Innate Abilities, Weirdness & Mutations

You are small and have problems with some larger weapons.
You are somewhat resistant to further mutation.


Message History

The scorpion resists with some effort.
* * * LOW HITPOINT WARNING * * *
You feel sick. The scorpion stings you.
* * * LOW HITPOINT WARNING * * *
You are more poisoned.
The scorpion poisons you!
You feel better. The scorpion barely misses you.
Evoke which item? (* to show all) (? for menu, Esc to quit)
Aiming: Random Effects
Press: ? - help, Shift-Dir - straight line, f/p - scorpion
Aim: a scorpion (severely wounded)
The mass of ice explodes!
The iceblast engulfs the scorpion.
You kill the scorpion!
Okawaru accepts your kill.
You have reached level 9!
Your experience leads to an increase in your attributes!
Increase (S)trength, (I)ntelligence, or (D)exterity?
You feel agile. The iceblast engulfs you!
You die...

██≈█≈≈≈≈≈≈≈≈
██.≈≈≈≈≈≈≈.
█.█.≈≈.≈≈██
███████......████
█.....████..██ █
█.███........█
█.█ ██████.█.█
████████.█
█.█.████
.((((((@.█
█.█.....


██████████ █.██████ [.█ ███ There were no monsters in sight!

Vanquished Creatures
  Sigmund (D:2)
  A water moccasin (D:5)
  An ice beast (D:6)
  A phantom (D:4)
  A centaur (D:5)
  A water moccasin skeleton (D:6)
  2 scorpions
  A killer bee (D:5)
  3 electric eels (D:6)
  3 crimson imps
  A bullfrog skeleton (D:4)
  A hound (D:3)
  5 orc wizards
  An iguana (D:4)
  A worker ant (D:4)
  8 adders
  A shadow imp (D:6)
  2 oozes
  An adder skeleton (D:4)
  2 worms
  8 dart slugs
  8 leopard geckos
  14 orcs
  A giant cockroach (D:4)
  6 goblins
  2 hobgoblins
  9 kobolds
  2 quokkas
  7 bats
  8 frilled lizards
  A jackal zombie (D:5)
  9 rats
113 creatures vanquished.

Notes
Turn   | Place    | Note
-------+----------+-------------------------------------------
     0 | D:1      | nht the Halfling Hunter began the quest for the Orb.
     0 | D:1      | Reached XP level 1. HP: 14/14 MP: 1/1
    18 | D:1      | Reached skill level 6 in Slings
    71 | D:1      | Reached XP level 2. HP: 15/19 MP: 2/2
   639 | D:2      | Reached XP level 3. HP: 16/24 MP: 3/3
   661 | D:2      | Found a sparkling altar of Nemelex Xobeh.
   890 | D:2      | Found a shattered altar of Ashenzari.
  1073 | D:2      | Reached XP level 4. HP: 29/29 MP: 4/4
  1224 | D:2      | Noticed Sigmund
  1252 | D:2      | Killed Sigmund
  1252 | D:2      | Reached skill level 8 in Slings
  1252 | D:2      | Reached XP level 5. HP: 34/34 MP: 5/5
  1252 | D:2      | Reached XP level 6. HP: 39/39 MP: 6/6
  1679 | D:3      | Reached skill level 5 in Stealth
  1782 | D:3      | Found an iron altar of Okawaru.
  1813 | D:3      | Became a worshipper of Warmaster Okawaru
  1877 | D:3      | Found a burning altar of Makhleb.
  1879 | D:3      | Found a radiant altar of Vehumet.
  1888 | D:3      | Reached skill level 9 in Slings
  1945 | D:3      | Found an ancient bone altar of Kikubaaqudgha.
  2057 | D:3      | Found an ornate altar of the Wu Jian Council.
  2119 | D:3      | Found a faded altar of an unknown god.
  2314 | D:3      | Reached XP level 7. HP: 18/44 MP: 7/7
  2438 | D:4      | Found a blossoming altar of Fedhas.
  2443 | D:4      | Found a stormy altar of Qazlal.
  2511 | D:4      | Reached skill level 10 in Slings
  2542 | D:4      | Reached * piety under Okawaru
  2705 | D:4      | Reached skill level 11 in Slings
  2768 | D:4      | Found Soesch's Weapon Boutique.
  2814 | D:4      | Found a blossoming altar of Fedhas.
  2870 | D:4      | Reached XP level 8. HP: 40/49 MP: 8/8
  3097 | D:5      | Entered Level 5 of the Dungeon
  3104 | D:5      | Found a glowing golden altar of the Shining One.
  3364 | D:5      | Found a basalt altar of Yredelemnul.
  3397 | D:5      | Reached skill level 12 in Slings
  3650 | D:5      | Reached skill level 1 in Short Blades
  3714 | D:6      | Reached ** piety under Okawaru
  4064 | D:5      | Reached skill level 5 in Short Blades
  4405 | D:6      | HP: 2/49 [scorpion (6)]
  4407 | D:6      | Reached XP level 9. HP: 12/54 MP: 9/9
  4407 | D:6      | Killed themself with a badly aimed iceblast

Vault maps used:
D:1:      scummos_arrival_forest, st_stairs_7
D:2:      minmay_kobold_bridge, evilmike_ruin_ashenzari,
          nemelex_diamond_rough_becter, uniq_sigmund
D:3:      grunt_temple_overflow_lords_of_destruction, lemuel_round_altar,
          nicolae_overflow_crystal_walls, old_standard_altar, first_ration,
          chequers_ecumenical_altar_grove
D:4:      grunt_temple_overflow_forces_of_nature, serial_shops,
          nicolae_shop_competitors_out_of_business, fedhas_altar_2
D:5:      kennysheep_little_box, lemuel_crystal_altar
D:6:      kennysheep_slugbush, minmay_temple_entry_statues_fountains,
          portal_sewer_entry_e, gammafunk_ghost_stat_death, uniq_grinder

Skill      XL: |  1  2  3  4  5  6  7  8 |
---------------+-------------------------+-----
Slings         | 6 8 9 11 12 | 12.0
Stealth        | 2 3 4 5 |  5.0
Short Blades   | 6 |  6.5
Fighting       | |  1.7
Dodging        | |  2.1

Action                   |  1- 3 |  4- 6 |  7- 9 || total
-------------------------+-------+-------+-------++-------
Melee: Hunting sling     |     7 |       |       ||     7
 Fire: Hunting sling     |    67 |   135 |   255 ||   457
Throw: Tomahawk          |       |       |     3 ||     3
Evoke: Wand              |       |       |    27 ||    27
  Use: Potion            |     2 |     3 |     2 ||     7
       Scroll            |     4 |       |     4 ||     8
  Eat: Chunk             |       |     4 |     6 ||    10
Armor: Leather armour    |     2 |     8 |     7 ||    17
       Skin              |       |    16 |       ||    16
Dodge: Dodged            |    26 |    11 |    42 ||    79

Table legend:
 A = Non-vault XP
 B = Vault XP
 C = Vault XP percentage of total XP
 D = Non-vault monster count
 E = Vault monster count
 F = Vault count percentage of total count
                 A         B        C        D         E       F
            +---------+---------+-------+---------+---------+-------
      Total |    1683 |     321 |  16.0 |      99 |      14 |  12.4
            +---------+---------+-------+---------+---------+-------
        D:1 |      13 |       4 |  23.5 |       8 |       2 |  20.0
        D:2 |      71 |     242 |  77.3 |      24 |       4 |  14.3
        D:3 |     155 |      50 |  24.4 |      22 |       1 |   4.3
        D:4 |     491 |       0 |   0.0 |      25 |       0 |   0.0
        D:5 |     373 |       0 |   0.0 |       7 |       0 |   0.0
        D:6 |     580 |      25 |   4.1 |      13 |       7 |  35.0
            +---------+---------+-------+---------+---------+-------
